 Dungeon Crawl Stone Soup version 0.30-a0-778-g2ef04afb54 (webtiles) character file.

Game seed: 10549940340389165309

224 Shayle the Conjurer (level 5, 0/35 HPs)
             Began as a Demonspawn Conjurer on Feb 16, 2023.
             Slain by a sky beast (4 damage)
             ... on level 4 of the Dungeon.
             The game lasted 00:08:00 (2611 turns).

Shayle the Conjurer (Demonspawn Conjurer)           Turns: 2611, Time: 00:08:01

Health: 0/35       AC:  7    Str:  7    XL:     5   Next: 67%
Magic:  9/9        EV: 12    Int: 22    God:
Gold:   244        SH:  0    Dex: 11    Spells: 7/10 levels left

rFire   . . .      SeeInvis .    g - +2 dagger (venom)
rCold   . . .      Faith    .    (no shield)
rNeg    . . .      Spirit   .    a - +0 robe
rPois   +          Reflect  .    (no helmet)
rElec   .          Harm     .    (no cloak)
rCorr   .          Rampage  .    (no gloves)
Will    .....                    s - +0 pair of boots
Stlth   ++                       m - amulet of regeneration
HPRegen 1.05/turn                j - +4 ring of protection
MPRegen 0.11/turn                l - ring of poison resistance

@: no status effects
A: spiny 1, demonic touch 1
a: no special abilities


You were on level 4 of the Dungeon.
You visited 1 branch of the dungeon, and saw 5 of its levels.

You collected 244 gold pieces.

Inventory:

Hand Weapons
 c - a +0 vampiric dagger
 g - a +2 dagger of venom (weapon)
 u - a +0 lajatang
Armour
 a - a +0 robe (worn)
 s - a +0 pair of boots (worn)
Jewellery
 j - a +4 ring of protection (left hand)
 l - a ring of poison resistance (right hand)
 m - an amulet of regeneration (around neck)
Wands
 r - a wand of polymorph (7)
Scrolls
 e - 2 scrolls of amnesia {unknown}
 h - 2 scrolls of teleportation
 k - a scroll of fog {unknown}
 q - 2 scrolls of enchant armour {unknown}
Potions
 b - 2 potions of magic
 d - a potion of ambrosia
 f - a potion of berserk rage {unknown}
 i - 2 potions of heal wounds
 n - a potion of lignification {unknown}
 o - a potion of attraction
 p - a potion of invisibility {unknown}
 t - a potion of curing {unknown}
 v - a potion of flight {unknown}


   Skills:
 + Level 3.0 Dodging
 + Level 3.2 Stealth
 + Level 3.2 Spellcasting
 + Level 4.9 Conjurations


You had 7 spell levels left.
You knew the following spells:

 Your Spells              Type           Power      Damage    Failure   Level
a - Magic Dart            Conj           100%       1d8       1%          1
b - Searing Ray           Conj           50%        2d6       2%          2

Your spell library contained the following spells:

 Spells                   Type           Power      Damage    Failure   Level
 Dazzling Flash           Conj/Hex       28%        N/A       13%         3
 Ignite Poison            Fire/Tmut/Pois 3%         N/A       36%         3
 Fulminant Prism          Conj/Hex       7%         3d7       41%         4
 Iskenderun's Mystic Bla  Conj/Tloc      14%        2d5       41%         4
 Metabolic Englaciation   Hex/Ice        1%         N/A       98%         5
 Summon Forest            Summ/Tloc      1%         N/A       98%         5
 Eringya's Noxious Bog    Tmut/Pois      1%         N/A       100%        6
 Starburst                Conj/Fire      7%         6d4       100%        6
 Summon Hydra             Summ           1%         N/A       100%        7


Dungeon Overview and Level Annotations

Branches:
Dungeon (5/15)
 Temple: D:4-7

Altars:
Fedhas
Sif Muna
Trog


Innate Abilities, Weirdness & Mutations

You are partially covered in sharp spines.
Your touch may inflict minor irresistible damage on your foes.


Message History

The worm is struck by your spines. The worm bites you.
You hit the worm but do no damage.
The worm is poisoned.
The worm is moderately wounded.
The worm is struck by your spines. The worm closely misses you.
You hit the worm but do no damage.
The worm looks as sick as possible!
You touch the worm.
You kill the worm!
You see here a worm corpse.
Found a hand axe.
A sky beast comes into view.
i - 2 potions of heal wounds (gained 1)
There is a stone staircase leading up here.
Casting: Searing Ray (safe; 2% risk of failure)
Confirm with . or Enter, or press ? or * to list all spells.
Aiming: Searing Ray (safe; 2% risk of failure)
Press: ? - help, Shift-Dir - straight line, f - sky beast
Aim: a sky beast (71% to hit)
Okay, then.
The sky beast flickers out of sight!
Deactivating autopickup; reactivate with Ctrl-A.
Something hits you but does no damage.
You climb upwards.
Reactivating autopickup.
There is a stone staircase leading down here.
Something hits you. Something shocks you.
Deactivating autopickup; reactivate with Ctrl-A.
Something hits you but does no damage.
You hit something but do no damage. Something hits you but does no damage.
You hit something. Your touch misses something.
Something hits you but does no damage.
You miss something. Something hits you. Something shocks you.
You miss something. Something hits you. Something shocks you.
You miss something. Your touch misses something. Something hits you.
Something shocks you.
You barely miss something. Something hits you.
* * * LOW HITPOINT WARNING * * *
Something shocks you.
* * * LOW HITPOINT WARNING * * *
You hit something. Your touch misses something. Something hits you.
You die...

#.##......# #........#
#.#######.# #........#
#...†.(##.# #........#
######.##.# ###........#
#....#.##.# #.+........#
...#......# #.#........#
...##.##### #.#..#'#####
........#########.#..#.####
....#...........@{........#
....#.....................#
....................>.....#
#+#.#...............<.....#
..#.#.................(...#######
.................................
..###.....................#######
.≈≈≈≈≈≈≈≈.................# #...
≈.......≈.................####'##


There were no monsters in sight!

Vanquished Creatures
  A hound (D:5)
  2 iguanas
  4 adders
  4 worms
  4 dart slugs
  2 orcs
  4 bats
  7 endoplasms
  3 giant cockroaches
  6 goblins
  7 hobgoblins
  3 jackals (D:2)
  5 quokkas
  7 ball pythons
  A frilled lizard (D:2)
  9 kobolds
  9 rats
78 creatures vanquished.

Notes
Turn   | Place    | Note
-------+----------+-------------------------------------------
     0 | D:1      | Shayle the Demonspawn Conjurer began the quest for the Orb.
     0 | D:1      | Reached XP level 1. HP: 13/13 MP: 3/3
   103 | D:1      | Got Piqen's Discursus on Chilling Wildfire
   196 | D:1      | Gained mutation: You are partially covered in sharp spines.
                  | [demonic ancestry]
   196 | D:1      | Reached XP level 2. HP: 19/19 MP: 1/5
   769 | D:1      | Reached XP level 3. HP: 24/24 MP: 6/6
   803 | D:1      | You fall into a shaft and drop 1 floor!
  1012 | D:2      | Learned a level 2 spell: Searing Ray
  1385 | D:2      | Reached XP level 4. HP: 30/30 MP: 2/8
  1827 | D:3      | Found a shimmering blue altar of Sif Muna.
  1944 | D:3      | Found a faded altar of an unknown god.
  2138 | D:4      | Found a bloodstained altar of Trog.
  2147 | D:4      | Found a blossoming altar of Fedhas.
  2388 | D:4      | Gained mutation: Your touch may inflict minor irresistible
                  | damage on your foes. [demonic ancestry]
  2388 | D:4      | Reached XP level 5. HP: 35/35 MP: 9/9
  2556 | D:5      | Entered Level 5 of the Dungeon
  2556 | D:5      | Noticed an ogre
  2586 | D:5      | Noticed a sky beast
  2611 | D:4      | Slain by a sky beast

Illustrated notes

Levels and vault maps discovered:
D:1:      sevenhm_arrival_forest_fort_small_6, layout_basic,
          amcnicky_mini_corridor_feature
D:2:      layout_rooms, corner_web_ring
D:3:      layout_basic, general_overflow_altar,
          hellmonk_ecumenical_altar_heavens_door
D:4:      layout_basic, nicolae_overflow_squiral
D:5:      layout_rooms

Skill      XL: |  1  2  3  4  5 |
---------------+----------------+-----
Stealth        | 2 3 |  3.2
Dodging        | 2 3 |  3.0
Spellcasting   | 3 |  3.2
Conjurations   | |  4.9

Action                     |  1- 3 |  4- 6 || total
---------------------------+-------+-------++-------
  Melee: Dagger            |    74 |    67 ||   141
         Touch             |       |     4 ||     4
   Cast: Magic Dart        |    32 |       ||    32
         Searing Ray       |     1 |     1 ||     2
    Use: Scroll            |     8 |     1 ||     9
   Stab: Sleeping          |     6 |     2 ||     8
 Armour: Robe              |    12 |    25 ||    37
  Dodge: Dodged            |    38 |    32 ||    70

Table legend: (Time is in decaauts)
 A = Elapsed time spent in this place.
 B = Non-inter-level travel time spent in this place.
 C = Inter-level travel time spent in this place.
 D = Time resting spent in this place.
 E = Time spent auto-exploring this place.
 F = Levels seen in this place.
 G = Mean time per level.
                   A        B        C        D        E       F      G
               +--------+--------+--------+--------+--------+-----+--------+
         Total |   2608 |   2547 |     61 |     70 |   1758 |   5 |  521.6 |
       Dungeon |   2608 |   2547 |     61 |     70 |   1758 |   5 |  521.6 |
               +--------+--------+--------+--------+--------+-----+--------+

Top non-repeatable levels by time:
     D:1: 802 daAuts
     D:2: 785 daAuts
     D:3: 490 daAuts
     D:4: 486 daAuts
     D:5: 43 daAuts
